cohdb
Replays
Latest Replays
All Replays
Popular Replays
Top Player Replays
Match Explorer
How It Works
Community
CoH3 Stats
Reddit
Sign in to upload your games and track your stats! →
Sign in with Steam
Match 41305773
Unlisted
Match 41305773
Overview
Messages
Build Orders
End
Construct Barracks
Riflemen Squad
Riflemen Squad
Grenade Package
Riflemen Squad
Construct Medical Station
Infantry Support Center
Construct Motor Pool
M8 Greyhound Armored Car
Engineer Squad
M1918 Browning Automatic Rifles
M1 Anti-tank Gun Team
M1 Anti-tank Gun Team
Selects Heavy Weapons
Selects Assault Carriers
Selects Exchangeable Parts
Construct Weapon Support Center
Advanced Logistics
Captain Retinue
M3 Assault Carrier
Riflemen Squad
Bazooka Squad
M1919 Machine Gun Team
Selects Towed M5 3-inch Anti-tank Gun
Towed M5 3-inch Anti-tank Gun
M3 Assault Carrier
Construct Tank Depot
M18 Hellcat Tank Destroyer
Selects M2HB .50cal Heavy Machine Gun
Selects Rapid Reposition
Selects Black Dragon Artillery Barrage
M3 Assault Carrier
M18 Hellcat Tank Destroyer
SMOKO
WARNING ORDER: ZULU!!!
Symbiosis
*Mule
0
0
Comments
sign in to comment!
No comments posted yet!